 Dungeon Crawl Stone Soup version 0.21.0-37-g46506fa (webtiles) character file.

52 tidbits the Charmwright (level 3, -1/31 HPs)
             Began as a Gnoll Skald on Jan 30, 2018.
             Slain by an adder (3 damage)
             ... on level 2 of the Dungeon.
             The game lasted 00:02:51 (257 turns).

tidbits the Charmwright (Gnoll Skald)                Turns: 257, Time: 00:02:51

Health: -1/31      AC:  3    Str: 10 (13) XL:     3   Next: 85%
Magic:  2/9        EV: 13    Int: 15 (16) God:
Gold:   66         SH:  0    Dex: 12 (14) Spells: 1/12 levels left

rFire    . . .     SeeInvis .   a - +0 hand axe
rCold    . . .     Gourm    .   (no shield)
rNeg     . . .     Faith    .   B - +0 leather armour
rPois    .         Spirit   .   (no helmet)
rElec    .         Reflect  .   (no cloak)
rCorr    .         Harm     .   (no gloves)
MR       .....                  (no boots)
Stlth    +.........             (no amulet)
HPRegen  0.10/turn              (no ring)
MPRegen  0.11/turn              (no ring)

@: lethally poisoned (-1 -> -5)
A: distributed training, fangs 1, strong nose
a: no special abilities


You were on level 2 of the Dungeon.
You were not hungry.

You visited 1 branch of the dungeon, and saw 2 of its levels.

You collected 66 gold pieces.

Inventory:

Hand Weapons
 a - a +0 hand axe (weapon)
 e - a +0 dagger
 f - a +0 hunting sling
Missiles
 i - 15 stones (quivered)
Armour
 B - a +0 leather armour (worn)
Scrolls
 g - a scroll of identify {unknown}
 r - 2 scrolls of remove curse
Books
 d - a book of Battle

   Spells                             Type                      Level
   a - Infusion                       Charms                       1
   b - Shroud of Golubria             Charms/Translocation         2
   c - Song of Slaying                Charms                       2
   d - Spectral Weapon                Hexes/Charms                 3
   e - Regeneration                   Charms/Necromancy            3
Comestibles
 b - a chunk of flesh
 c - a ration


   Skills:
 + Level 4.5 Fighting
 + Level 0.9 Short Blades
 + Level 0.9 Long Blades
 + Level 4.5 Axes
 + Level 0.9 Maces & Flails
 + Level 0.9 Polearms
 + Level 0.9 Staves
 + Level 0.9 Slings
 + Level 0.9 Bows
 + Level 0.9 Crossbows
 + Level 0.9 Throwing
 + Level 2.6 Armour
 + Level 4.5 Dodging
 + Level 0.9 Stealth
 + Level 0.9 Shields
 + Level 0.9 Unarmed Combat
 + Level 5.0 Spellcasting
 + Level 0.6 Conjurations
 + Level 0.6 Hexes
 + Level 5.4 Charms
 + Level 0.6 Summonings
 + Level 0.6 Necromancy
 + Level 0.6 Translocations
 + Level 0.6 Transmutations
 + Level 0.6 Fire Magic
 + Level 0.6 Ice Magic
 + Level 0.6 Air Magic
 + Level 0.6 Earth Magic
 + Level 0.6 Poison Magic
 + Level 1.0 Invocations
 + Level 0.9 Evocations


You had one spell level left.
You knew the following spells:

 Your Spells              Type           Power        Failure   Level  Hunger
g - Shroud of Golubria    Chrm/Tloc      ##........   10%         2    ##.....
i - Infusion              Chrm           ###.         2%          1    None
r - Regeneration          Chrm/Necr      ##........   19%         3    ###....
w - Spectral Weapon       Hex/Chrm       ##......     19%         3    ###....
y - Song of Slaying       Chrm           ###.....     3%          2    ##.....


Dungeon Overview and Level Annotations

Branches:
Dungeon (2/15)

Altars:


Innate Abilities, Weirdness & Mutations

Your experience applies equally to all skills.
You have very sharp teeth.
Your uncanny sense of smell can sniff out nearby items.


Message History

The ball python closely misses you. The ball python constricts you.
The rat bites you.
A leopard gecko comes into view.
You barely miss the ball python.
The ball python is moderately wounded.
You hit the leopard gecko but do no damage.
You hit the rat.
You kill the rat!
The ball python misses you. The ball python constricts you.
The leopard gecko bites you.
* * * LOW HITPOINT WARNING * * *
You hit the ball python!
You kill the ball python!
You hit the leopard gecko. The leopard gecko barely misses you.
You closely miss the leopard gecko. Your bite misses the leopard gecko.
The leopard gecko is moderately wounded.
You hit the goblin. The leopard gecko bites you.
* * * LOW HITPOINT WARNING * * *
The goblin completely misses you.
You closely miss the leopard gecko.
The leopard gecko is moderately wounded.
You miss the goblin. The leopard gecko barely misses you.
The goblin barely misses you.
The leopard gecko bites you but does no damage.
You barely miss the leopard gecko.
The leopard gecko is moderately wounded.
You hit the goblin.
You kill the goblin!
The leopard gecko completely misses you.
You hit the leopard gecko.
You kill the leopard gecko!
You hit the giant cockroach.
You kill the giant cockroach!
Things that are here:
an uncursed dagger; an uncursed hunting sling; 15 stones
e - an uncursed dagger;
f - an uncursed hunting sling;
i - 15 stones Your magical infusion is running out.
Found 10 gold pieces.
You see here 10 gold pieces.
You now have 56 gold pieces (gained 10).
Found a hand axe.
You see here a hand axe.
You are no longer magically infusing your attacks.
Found 10 gold pieces.
Found a stone staircase leading down.
An adder comes into view.
You see here 10 gold pieces.
You now have 66 gold pieces (gained 10).
Unknown command.
The adder hisses angrily.
Found a centaur barding.
A goblin comes into view. It is wielding a club.
Casting: Infusion
Confirm with . or Enter, or press ? or * to list all spells.
You begin infusing your attacks with magical energy.
The goblin shouts!
Your leather armour prevents you from hitting the adder.
You hit the goblin!
You kill the goblin!
The adder closely misses you. x2
You barely miss the adder. Your bite misses the adder.
The adder closely misses you.
You closely miss the adder. You bite the adder.
The adder is lightly wounded.
Your magical infusion is running out.
The adder closely misses you. The adder barely misses you.
You barely miss the adder. Your bite misses the adder.
The adder is lightly wounded.
The adder closely misses you.
A kobold comes into view. It is wielding a whip.
You closely miss the adder.
The adder is lightly wounded.
The adder bites you.
* * * LOW HITPOINT WARNING * * *
You miss the adder.
The adder is lightly wounded.
The kobold shouts!
The adder bites you.
* * * LOW HITPOINT WARNING * * *
The adder closely misses you.
You miss the adder.
The adder is lightly wounded.
The adder bites you.
* * * LOW HITPOINT WARNING * * *
You are poisoned.
The adder poisons you!
You miss the adder.
The adder is lightly wounded.
* * * LOW HITPOINT WARNING * * *
You feel sick. The adder closely misses you. The adder bites you.
* * * LOW HITPOINT WARNING * * *
It was a potion of degeneration.
There was something very wrong with that liquid.
You feel weakened.
You feel dopey.
You feel clumsy.
You are no longer magically infusing your attacks.
* * * LOW HITPOINT WARNING * * *
You feel sick. The kobold hits you with a whip.
* * * LOW HITPOINT WARNING * * *
The adder bites you.
You die...

..S. .....
.....##############
......S@..........#
[..>..K...........
..................
.................. ...
............##.##. ...
.##........##...##
....
#........#..#..#.....
#.........#.#)#.#.....
#............#........


You could see an adder and a kobold.

Vanquished Creatures
  A worker ant (D:2)
  An adder (D:2)
  A leopard gecko (D:2)
  A ball python (D:2)
  A giant cockroach (D:2)
  5 goblins
  2 bats (D:1)
  A frilled lizard (D:1)
  2 kobolds (D:1)
  6 rats
21 creatures vanquished.

Notes
Turn   | Place    | Note
-------+----------+-------------------------------------------
     0 | D:1      | tidbits the Gnoll Skald began the quest for the Orb.
     0 | D:1      | Reached XP level 1. HP: 20/20 MP: 6/6
    85 | D:1      | Reached XP level 2. HP: 26/26 MP: 0/7
    92 | D:1      | Learned a level 2 spell: Song of Slaying
    95 | D:1      | Learned a level 2 spell: Shroud of Golubria
   161 | D:2      | Reached skill level 5 in Spellcasting
   161 | D:2      | Reached XP level 3. HP: 14/31 MP: 0/9
   166 | D:2      | Learned a level 3 spell: Regeneration
   170 | D:2      | Learned a level 3 spell: Spectral Weapon
   203 | D:2      | Reached skill level 1 in Invocations
   257 | D:2      | HP: 2/31 [kobold/whip (2)]
   257 | D:2      | Slain by an adder

Skill      XL: |  1  2  3 |
---------------+----------+-----
Spellcasting   | 5 |  5.0
Invocations    | 1 |  1.0
Fighting       | |  4.5
Short Blades   | |  0.9
Long Blades    | |  0.9
Axes           | |  4.5
Maces & Flails | |  0.9
Polearms       | |  0.9
Staves         | |  0.9
Slings         | |  0.9
Bows           | |  0.9
Crossbows      | |  0.9
Throwing       | |  0.9
Armour         | |  2.6
Dodging        | |  4.5
Stealth        | |  0.9
Shields        | |  0.9
Unarmed Combat | |  0.9
Conjurations   | |  0.6
Hexes          | |  0.6
Charms         | |  5.4
Summonings     | |  0.6
Necromancy     | |  0.6
Translocations | |  0.6
Transmutations | |  0.6
Fire Magic     | |  0.6
Ice Magic      | |  0.6
Air Magic      | |  0.6
Earth Magic    | |  0.6
Poison Magic   | |  0.6
Evocations     | |  0.9

Action                   || total
-------------------------++-------
Melee: Hand axe          ||    43
       Bite              ||     3
       Punch             ||     1
 Cast: Infusion          ||     7
       Regeneration      ||     1
  Use: Scroll            ||     1
       Potion            ||     2
Armor: Leather armour    ||     7
Dodge: Dodged            ||    38

Table legend:
 A = Turns spent in this place as a percentage of turns spent in the entire game.
 B = Non-inter-level travel turns spent in this place as a percentage of non-inter-level travel turns spent in the entire game.
 C = Inter-level travel turns spent in this place as a percentage of turns spent in this place.
 D = Turns resting spent in this place as a percentage of non-inter-level travel turns spent in this place.
 E = Turns spent auto-exploring this place as a percentage of non-inter-level travel turns spent in this place.
 F = Non-inter-level travel turns spent in this place divided by the number of levels of this place that you've seen.
                   A       B       C       D       E      F
               +-------+-------+-------+-------+-------+----------------------
         Total | 100.0 | 100.0 |   0.0 |   0.0 |   0.0 | 128.5
       Dungeon | 100.0 | 100.0 |   0.0 |   0.0 |   0.0 | 128.5
               +-------+-------+-------+-------+-------+----------------------

Table legend:
 A = Kills in this place as a percentage of kills in entire the game.
 B = Kills by you in this place as a percentage of kills by you in the entire game.
 C = Kills by friends in this place as a percentage of kills by friends in the entire game.
 D = Other kills in this place as a percentage of other kills in the entire game.
 E = Experience gained in this place as a percentage of experience gained in the entire game.
 F = Experience gained in this place divided by the number of levels of this place that you have seen.
                   A       B       C       D       E      F
               +-------+-------+-------+-------+-------+----------------------
         Total | 100.0 | 100.0 |   N/A |   N/A | 100.0 |  37.5
       Dungeon | 100.0 | 100.0 |   N/A |   N/A | 100.0 |  37.5
               +-------+-------+-------+-------+-------+----------------------

Vault maps used:
D:1:      saegor_arrival_simple_d
D:2:      first_ration, minmay_box_of_dots
